Map: Romanticide LE

Players

Strange

  • Race: Protoss Protoss

Gerald - Winner!

  • Race: Protoss Protoss

Event: DreamHack SC2 Masters 2021 Fall

VOD

Have the link to the VOD?

Description

Time

  • Played on: Aug. 8, 2021, 12:10 p.m.
  • Length: 13:29

All games in this series

Show
View Real Time Build Order
Export as new Build Order

Strange Protoss 

Build Orders:  

Get SALT Encoding   

  12  0:00  Probe  
  13  0:12  Probe  
  14  0:17  Pylon  
  14  0:24  Probe (Chrono Boost)  
  15  0:35  Gateway  
  15  0:39  Probe (Chrono Boost)  
  16  0:44  Probe (Chrono Boost)  
  16  0:46  Assimilator  
  17  0:53  Probe  
  17  0:55  Assimilator  
  18  1:05  Probe (Chrono Boost)  
  18  1:08  Gateway  
  19  1:15  Probe (Chrono Boost)  
  20  1:20  Probe (Chrono Boost)  
  20  1:23  Cybernetics Core  
  21  1:31  Probe  
  22  1:34  Pylon  
  22  1:43  Probe  
  23  1:52  Gateway  
  23  1:57  Warp Gate (Chrono Boost)  
  23  2:00  Stalker  
  25  2:07  Stalker  
  27  2:27  Pylon  
  27  2:30  Stalker  
  29  2:37  Stalker  
  31  2:48  Pylon  
  31  3:05  Stalker  
  31  3:06  Shield Battery  
  33  3:19  Nexus  
  31  3:34  Stalker x2  
  35  3:43  Stalker  
  37  3:49  Pylon  
  37  4:01  Robotics Facility  
  37  4:09  Adept x2  
  41  4:12  Sentry  
  41  4:48  Stalker x2  
  43  4:53  Probe  
  45  5:00  Immortal (Chrono Boost)  
  48  5:13  Pylon  
  48  5:19  Sentry x2  
  51  5:34  Probe x2  
  53  5:38  Shield Battery, Sentry  
  55  5:46  Probe x2  
  55  5:47  Pylon  
  57  5:50  Sentry  
  59  6:13  Immortal (Chrono Boost)  
  63  6:22  Probe x2  
  59  6:42  Warp Prism (Chrono Boost)  
  61  6:48  Adept x2  
  61  6:52  Gateway  
  61  6:53  Gateway  
  65  7:00  Probe x2  
  67  7:10  Adept  
  70  7:21  Stalker  
  67  7:30  Probe  
  67  7:35  Pylon x2  
  66  7:41  Adept  
  66  7:42  Probe  
  69  7:47  Probe  
  70  7:53  Stalker x2  
  70  7:57  Adept  
  74  8:05  Zealot  
  74  8:07  Probe x2  
  72  8:17  Zealot x2  
  72  8:19  Probe  
  69  8:25  Probe  
  64  8:31  Probe  
  65  8:37  Probe  
  64  8:44  Probe  
  65  8:49  Probe  
  66  8:57  Twilight Council, Probe  
  66  9:01  Probe  
  68  9:07  Assimilator  
  68  9:08  Pylon  
  68  9:09  Probe  
  69  9:13  Stalker  
  69  9:14  Stalker x3  
  77  9:24  Pylon  
  77  9:33  Blink (Chrono Boost)  
  77  9:35  Pylon  
  71  9:56  Probe  
  71  9:57  Probe  
  71  9:59  Zealot  
  73  10:09  Probe x2  
  75  10:14  Nexus  
  75  10:21  Pylon, Probe x2  
  68  10:33  Probe x2  
  62  10:39  Sentry x4  
  69  10:45  Probe x2  
  70  10:57  Probe x2  
  70  11:04  Stalker x4  
  70  11:09  Probe x2  
  70  11:10  Assimilator  
  80  11:21  Probe  
  80  11:22  Probe  
  82  11:26  Robotics Bay  
  77  11:33  Probe  
  77  11:36  Probe  
  68  11:48  Nexus  
  68  11:50  Stalker  
  69  12:00  Probe x2  
  71  12:10  Disruptor (Chrono Boost), Dark Shrine  
  71  12:12  Probe  
  75  12:17  Probe  
  76  12:24  Probe  
  76  12:29  Probe  
  77  12:36  Probe  
  78  12:40  Shield Battery  
  78  12:41  Probe  
  78  12:43  Pylon  
  79  12:48  Probe  
  80  12:51  Disruptor (Chrono Boost)  
  80  12:53  Probe  
  84  13:00  Probe  
  84  13:05  Probe  
  84  13:12  Probe  
  81  13:13  Stalker x3  
Show
View Real Time Build Order
Export as new Build Order

Gerald Protoss - Winner!

Build Orders: Oracle Opening 

Get SALT Encoding   

  12  0:00  Probe  
  13  0:12  Probe  
  14  0:17  Pylon  
  14  0:24  Probe (Chrono Boost)  
  16  0:37  Gateway, Probe (Chrono Boost)  
  16  0:42  Probe (Chrono Boost)  
  16  0:47  Assimilator  
  17  0:51  Probe  
  17  0:54  Assimilator  
  18  1:03  Probe (Chrono Boost)  
  19  1:13  Probe (Chrono Boost)  
  19  1:15  Gateway  
  19  1:18  Probe (Chrono Boost)  
  20  1:24  Cybernetics Core  
  21  1:29  Probe  
  22  1:35  Pylon  
  22  1:41  Probe  
  23  1:53  Probe  
  24  2:01  Stalker  
  24  2:02  Stalker, Warp Gate  
  24  2:06  Probe  
  29  2:11  Pylon  
  29  2:18  Probe  
  30  2:36  Stargate  
  30  2:38  Probe  
  31  2:48  Stalker x2  
  31  2:50  Probe  
  36  3:02  Probe  
  36  3:04  Pylon  
  36  3:17  Oracle (Chrono Boost)  
  36  3:18  Pylon, Shield Battery  
  39  3:33  Robotics Facility  
  39  3:48  Nexus  
  39  4:01  Gateway  
  40  4:04  Sentry  
  40  4:06  Pylon  
  40  4:08  Stalker  
  43  4:17  Immortal (Chrono Boost)  
  47  4:29  Stalker  
  42  4:48  Stalker, Probe  
  42  4:49  Warp Prism  
  47  4:55  Pylon  
  47  4:59  Pylon  
  47  5:06  Sentry  
  49  5:14  Stalker  
  51  5:22  Probe  
  52  5:39  Probe  
  53  5:45  Nexus  
  53  5:54  Observer  
  54  5:59  Stalker  
  54  6:00  Stalker  
  57  6:07  Stalker  
  59  6:28  Probe  
  59  6:32  Observer  
  60  6:40  Probe  
  60  6:43  Robotics Bay  
  58  6:47  Pylon  
  58  6:49  Immortal  
  58  6:53  Probe (Chrono Boost)  
  63  6:59  Probe (Chrono Boost)  
  64  7:05  Probe (Chrono Boost)  
  64  7:06  Adept x2  
  69  7:09  Probe (Chrono Boost)  
  69  7:10  Probe (Chrono Boost)  
  67  7:32  Disruptor (Chrono Boost)  
  67  7:33  Probe  
  71  7:39  Stalker  
  71  7:41  Shield Battery  
  71  7:42  Pylon  
  71  7:43  Adept x2  
  78  7:44  Probe  
  78  7:46  Probe  
  79  8:00  Probe  
  79  8:04  Zealot x2  
  78  8:12  Zealot  
  69  8:15  Disruptor (Chrono Boost)  
  67  8:28  Adept, Probe  
  67  8:29  Adept  
  67  8:30  Probe  
  71  8:38  Zealot  
  65  8:43  Probe  
  66  8:52  Stalker x2  
  66  8:53  Probe  
  66  8:55  Probe  
  66  9:05  Probe  
  66  9:07  Probe  
  68  9:11  Assimilator  
  68  9:13  Assimilator  
  68  9:17  Probe  
  68  9:19  Probe  
  70  9:26  Immortal  
  70  9:29  Gateway, Probe  
  75  9:36  Zealot x2  
  77  9:47  Twilight Council  
  77  10:06  Probe  
  78  10:08  Nexus  
  78  10:10  Pylon  
  78  10:13  Pylon  
  78  10:26  Disruptor  
  81  10:32  Stalker x3  
  87  10:48  Observer  
  81  11:01  Disruptor, Stalker x4  
  92  11:05  Probe  
  92  11:07  Shield Battery  
  92  11:10  Probe  
  94  11:11  Blink (Chrono Boost)  
  94  11:18  Gateway  
  94  11:36  Probe  
  94  11:37  Disruptor  
  95  11:43  Stalker x3  
  95  11:44  Probe  
  102  11:55  Probe (Chrono Boost)  
  102  11:57  Forge, Gateway  
  105  12:04  Probe x2 (Chrono Boost)  
  105  12:07  Probe (Chrono Boost)  
  105  12:08  Stalker  
  108  12:10  Pylon  
  108  12:13  Pylon  
  109  12:15  Probe (Chrono Boost)  
  109  12:28  Probe x2  
  111  12:30  Probe  
  111  12:32  Photon Cannon  
  112  12:38  Assimilator  
  112  12:39  Dark Shrine  
  112  12:41  Probe  
  113  12:47  Stalker x4  
  113  12:49  Stalker  
  123  13:02  Probe  
  115  13:21  Stalker x3  
  115  13:22  Stalker  

Tags
 
Add a new tag
Caveats
  • Supply blocks, unpowered buildings, or Contaminate may cause inaccurate times.
  • Supply counts are checked every 10 seconds.